 Dungeon Crawl Stone Soup version 0.21.1-1-g345015f (webtiles) character file.

674 grindst0ne the Skirmisher (level 7, -9/56 HPs)
             Began as a Formicid Arcane Marksman on Feb 21, 2018.
             Killed from afar by Dowan (14 damage)
             ... with a shard of ice
             ... on level 4 of the Dungeon.
             The game lasted 00:07:44 (3778 turns).

grindst0ne the Skirmisher (FoAM)                    Turns: 3778, Time: 00:07:44

Health: -9/56      AC: 11    Str: 15    XL:     7   Next: 90%
Magic:  8/8        EV:  7    Int: 13    God:
Gold:   116        SH:  0    Dex: 12    Spells: 7/8 levels left

rFire    . . .     SeeInvis +   u - +0 war axe
rCold    . . .     Gourm    .   (no shield)
rNeg     . . .     Faith    .   w - +0 chain mail
rPois    .         Spirit   .   (helmet unavailable)
rElec    .         Reflect  .   (no cloak)
rCorr    .         Harm     .   h - +2 pair of gloves
MR       .....                  (no boots)
Stlth    ..........             (no amulet)
HPRegen  0.18/turn              (no ring)
MPRegen  0.11/turn              (no ring)

@: no status effects
A: permanent stasis, dig shafts and tunnels, four strong arms, antennae 3
a: Dig, Shaft Self


You were on level 4 of the Dungeon.
You were not hungry.

You visited 1 branch of the dungeon, and saw 4 of its levels.

You collected 116 gold pieces.

Inventory:

Hand Weapons
 u - a +0 war axe (weapon)
Missiles
 e - 28 stones (quivered)
Armour
 h - a +2 pair of gloves (worn)
 w - a +0 chain mail (worn)
Wands
 k - a wand of polymorph (11)
Scrolls
 a - 2 scrolls of identify {unknown}
 d - a scroll of immolation {unknown}
 n - a scroll of teleportation {unknown}
 o - 2 scrolls of amnesia {unknown}
 r - 2 scrolls of remove curse
 s - a scroll of blinking {unknown}
Potions
 b - a potion of magic {unknown}
 g - 2 potions of curing
 t - a potion of berserk rage
Books
 c - a book of Debilitation

   Spells                             Type                      Level
   a - Corona                         Hexes                        1
   b - Slow                           Hexes                        2
   c - Inner Flame                    Hexes/Fire                   3
   d - Portal Projectile              Hexes/Translocation          3
   e - Cause Fear                     Hexes                        4
   f - Leda's Liquefaction            Hexes/Earth                  4
Comestibles
 f - 5 rations
 i - 2 chunks of flesh


   Skills:
 - Level 5.2 Fighting
 + Level 5.2 Axes
   Level 2.1 Slings
 + Level 2.3 Armour
 - Level 1.7 Dodging
 - Level 1.1 Spellcasting
 - Level 3.6 Hexes
 + Level 2.3 Evocations


You had 7 spell levels left.
You knew the following spells:

 Your Spells              Type           Power        Failure   Level  Hunger
a - Corona                Hex            ##.....      80%         1    ##.....


Dungeon Overview and Level Annotations

Branches:
Dungeon (4/15)
 Temple: D:4-7

Altars:
Dithmenos

Annotations:
D:4 Dowan


Innate Abilities, Weirdness & Mutations

You cannot be hasted, slowed, berserked, paralysed or teleported.
You can dig through walls and to a lower floor.
Your four strong arms can wield two-handed weapons with a shield.
You have a pair of large antennae on your head. (SInv)


Message History

You hit Duvessa.
Duvessa is heavily wounded.
Duvessa hits you but does no damage. Duvessa barely misses you.
You hit Duvessa.
Duvessa is severely wounded.
Duvessa closely misses you.
You slash Duvessa!
You kill Duvessa!
Dowan screams, "No!
Oh no!"
Dowan seems to find hidden reserves of power!
Your Armour skill increases to level 2!
Your Evocations skill increases to level 2!
You slash Dowan!
Dowan is moderately wounded.
Dowan gestures at you while chanting. The stone arrow hits you!
* * * LOW HITPOINT WARNING * * *
Dowan points at you and mumbles some strange words.
The shard of ice hits you!
You die...

...###......#..######......
...#........##...)..ยง.....
...##.......##........#.. .##
...##.......##........###....
...##.......###.###........#
...##.......# #.###........#
...##.......# #.O##........#
#####.####### ##e####.######
......# #@# #.# ......# #..#
#.. ......###########)# #...
................#.# #... {
......#########.#.. #..s
.>....# #.##.# ......# #.# ..
......# #.# #.# ......# #.#


You could see an ogre and Dowan.

Vanquished Creatures
  Grinder (D:3)
  Sigmund (D:3)
  A centaur (D:4)
  Natasha (D:3)
  Ijyb (D:3)
  An orc wizard (D:3)
  A worker ant (D:4)
  3 adders
  2 oozes
  3 worms
  A dart slug (D:2)
  6 leopard geckos
  3 orcs
  5 giant cockroaches
  9 goblins
  9 hobgoblins
  6 jackals
  A quokka (D:3)
  9 bats
  5 frilled lizards
  6 kobolds
  14 rats
89 creatures vanquished.

Notes
Turn   | Place    | Note
-------+----------+-------------------------------------------
     0 | D:1      | grindst0ne the Formicid Arcane Marksman began the quest for the Orb.
     0 | D:1      | Reached XP level 1. HP: 15/15 MP: 2/2
   472 | D:1      | You fall through a shaft!
   767 | D:2      | Reached XP level 2. HP: 21/22 MP: 3/3
   776 | D:2      | Found a shadowy altar of Dithmenos.
   819 | D:2      | Reached XP level 3. HP: 21/29 MP: 4/4
  1429 | D:1      | Reached XP level 4. HP: 37/37 MP: 5/5
  2442 | D:3      | Reached XP level 5. HP: 27/43 MP: 6/6
  2449 | D:3      | Reached skill level 5 in Fighting
  2631 | D:3      | Noticed Ijyb
  2643 | D:3      | Killed Ijyb
  2643 | D:3      | Reached skill level 1 in Axes
  2812 | D:3      | Noticed Natasha
  2832 | D:3      | Killed Natasha
  2832 | D:3      | Reached XP level 6. HP: 13/51 MP: 7/7
  3104 | D:3      | Noticed Grinder
  3110 | D:3      | Killed Grinder
  3110 | D:3      | Reached XP level 7. HP: 29/56 MP: 8/8
  3256 | D:3      | Noticed Sigmund
  3268 | D:3      | Killed Sigmund
  3268 | D:3      | Reached skill level 5 in Axes
  3268 | D:3      | Reached skill level 1 in Armour
  3268 | D:3      | Reached skill level 1 in Evocations
  3743 | D:4      | Noticed Duvessa
  3757 | D:4      | Noticed Dowan
  3773 | D:4      | Noticed Duvessa
  3773 | D:4      | Duvessa changed into Duvessa the centaur
  3777 | D:4      | Killed Duvessa the centaur
  3778 | D:4      | Killed from afar by Dowan

Skill      XL: |  1  2  3  4  5  6  7 |
---------------+----------------------+-----
Fighting       | 2 3 4 5 |  5.2
Axes           | 2 4 5 |  5.2
Armour         | 2 |  2.3
Evocations     | 2 |  2.3
Slings         | |  2.1
Dodging        | |  1.7
Spellcasting   | |  1.1
Hexes          | |  3.6

Action                   |  1- 3 |  4- 6 |  7- 9 || total
-------------------------+-------+-------+-------++-------
Melee: Dagger            |    16 |   128 |       ||   144
       Club              |    89 |    23 |       ||   112
       War axe           |       |    65 |    42 ||   107
 Fire: Hunting sling     |    26 |       |       ||    26
 Abil: Shaft Self        |     1 |       |       ||     1
       Dig               |       |     1 |     1 ||     2
Evoke: Wand              |       |     1 |     6 ||     7
  Use: Scroll            |       |     1 |       ||     1
       Potion            |       |       |     4 ||     4
  Eat: Chunk             |     2 |     6 |     2 ||    10
Armor: Ring mail         |    68 |    84 |       ||   152
       Chain mail        |       |    36 |    31 ||    67
Dodge: Dodged            |    96 |    98 |    19 ||   213
